 Dungeon Crawl Stone Soup version 0.27-a0-419-g7a85846853 (webtiles) character file.

Game seed: 8542944312023314414

2 Chiseanne the Skirmisher (level 1, -4/22 HPs)
             Began as a Demonspawn Wanderer on Feb 26, 2021.
             Slain by a gnoll
             ... wielding a +0 spear
              (5 damage)
             ... on level 1 of the Dungeon.
             The game lasted 00:00:24 (102 turns).

Chiseanne the Skirmisher (Demonspawn Wanderer)       Turns: 102, Time: 00:00:25

Health: -4/22      AC:  0    Str: 14    XL:     1   Next: 25%
Magic:  1/1        EV: 11    Int: 13    God:
Gold:   0          SH:  0    Dex: 10    Spells: 0/0 levels left

rFire    . . .     SeeInvis .   a - +2 mace
rCold    . . .     Faith    .   (no shield)
rNeg     . . .     Spirit   .   (no armour)
rPois    .         Reflect  .   (no helmet)
rElec    .         Harm     .   (no cloak)
rCorr    .         Rampage  .   (no gloves)
Will     .....                  (no boots)
Stlth    ++........             (no amulet)
HPRegen  0.07/turn              (no ring)
MPRegen  0.07/turn              (no ring)

@: no status effects
A: no striking features
a: no special abilities


You were on level 1 of the Dungeon.
You visited 1 branch of the dungeon, and saw 1 of its levels.

Inventory:

Hand Weapons
 a - a +2 mace (weapon)
 d - a +0 dagger
Missiles
 e - 14 sling bullets
Armour
 c - a +0 robe
 f - a +0 ring mail
Potions
 b - 2 potions of lignification


   Skills:
 * Level 6.0 Fighting
 - Level 1.0 Maces & Flails
 - Level 1.0 Armour
 * Level 0.2 Dodging
 - Level 1.7 Stealth


You couldn't memorise any spells.
You didn't know any spells.
Your spell library was empty.

Dungeon Overview and Level Annotations

Branches:
Dungeon (1/15)

Altars:


Message History

You hit the frilled lizard.
You kill the frilled lizard!
You hit the kobold but do no damage. The kobold hits you but does no damage.
You barely miss the kobold.
The kobold hits you but does no damage. x2
You thump the kobold!
You kill the kobold!
No target in view!
No target in view!
No target in view!
No target in view!
No target in view!
No target in view!
No target in view!
No target in view!
No target in view!
No target in view!
No target in view!
No target in view!
No target in view!
No target in view!
No target in view!
No target in view!
Things that are here:
a +0 dagger; a kobold corpse
Found a ring mail.
A gnoll comes into view. It is wielding a +0 spear.
You see here a +0 ring mail.
f - a +0 ring mail The gnoll shouts!
You hear a shout!
You start removing your armour.
You continue taking off your +0 robe. x3
The gnoll hits you from afar with a +0 spear!
You continue taking off your +0 robe.
The gnoll hits you from afar with a +0 spear.
You finish taking off your +0 robe.
The gnoll hits you with a +0 spear!
* * * LOW HITPOINT WARNING * * *
You sock the gnoll!
The gnoll is severely wounded.
The gnoll hits you with a +0 spear.
You die...

............g..
#.# #...# ##
#.# ##g###....
#.# #.....# #.#
#.##### #.# #.#
# #.# ##.##
#.#.###...#
#.#.@g....#
#.....#...#
###.)#.####
##.###.#
######.## #..
#.......# #.#
#.######.# .#
#.# #.# # #.#
.#


You could see a gnoll.

Vanquished Creatures
  A kobold (D:1)
  A frilled lizard (D:1)
2 creatures vanquished.

Notes
Turn   | Place    | Note
-------+----------+-------------------------------------------
     0 | D:1      | Chiseanne the Demonspawn Wanderer began the quest for the
                  | Orb.
     0 | D:1      | Chiseanne set off with the following items: a +2 mace, 2
                  | potions of lignification, a +0 robe, a +0 dagger
     0 | D:1      | Reached XP level 1. HP: 22/22 MP: 1/1
     1 | D:1      | Noticed an electric eel
   101 | D:1      | HP: 1/22 [gnoll/+0 spear (8)]
   102 | D:1      | Slain by a gnoll

Illustrated notes

Levels and vault maps discovered:
D:1:      arrival_aquarium_a, layout_loops_ring, chequers_serial_rivers_small_a

Action                   || total
-------------------------++-------
Melee: Mace              ||     5
Armor: Robe              ||     1

Table legend: (Time is in decaauts)
 A = Elapsed time spent in this place.
 B = Non-inter-level travel time spent in this place.
 C = Inter-level travel time spent in this place.
 D = Time resting spent in this place.
 E = Time spent auto-exploring this place.
 F = Levels seen in this place.
 G = Mean time per level.
                   A        B        C        D        E       F      G
               +--------+--------+--------+--------+--------+-----+--------+
         Total |    103 |    103 |      0 |      0 |     70 |   1 |  103.0 |
       Dungeon |    103 |    103 |      0 |      0 |     70 |   1 |  103.0 |
               +--------+--------+--------+--------+--------+-----+--------+

Top non-repeatable levels by time:
     D:1: 103 daAuts
